 Dungeon Crawl Stone Soup version 0.18-a0-1562-gac8da35 (webtiles) character file.

361 M4edhros the Sneak (level 6, -3/34 HPs)
             Began as an Octopode Artificer on Mar 13, 2016.
             Slain by a gnoll
             ... wielding a +0 halberd
              (16 damage)
             ... on level 2 of the Dungeon.
             The game lasted 00:06:23 (15343 turns).

M4edhros the Sneak (Octopode Artificer)            Turns: 15343, Time: 00:06:23

Health: -3/34      AC:  1    Str:  4 (8)  XL:     6   Next: 66%
Magic:  18/18      EV: 12    Int: 11 (14) God:    Xom [.....*]
Gold:   145        SH:  0    Dex:  9 (11) Spells: 0 memorised, 5 levels left

rFire  . . .     SeeInvis .     x - +7 long sword "Demonslayer" {holy, rC+}
rCold  + + .     Gourm    .     (no shield)
rNeg   . . .     Faith    .     (helmet restricted)
rPois  .         Spirit   .     (no amulet)
rElec  .         Dismiss  .     k - ring of magical power
rCorr  .         Reflect  .     l - ring of protection from magic
SustAt .         Harm     .     f - ring of protection from cold
MR     +....                    (no ring)
Stlth  ++++......               (no ring)
                                (no ring)
                                (no ring)
                                (no ring)

@: drained, somewhat resistant to hostile enchantments, stealthy
A: almost no armour, amphibious, 8 rings, constrict 8, tentacle spike 2,
camouflage 1, blurry vision 2, clumsy 2, deterioration 2, frail 1, mutation
resistance 1, regeneration 1, weak 1, gelatinous body 1
a: Renounce Religion


You were on level 2 of the Dungeon.
You worshipped Xom.
You were Xom's teddy bear.
You were not hungry.

You visited 2 branches of the dungeon, and saw 5 of its levels.

You collected 145 gold pieces.

Inventory:

Hand Weapons
 a - a +0 blowgun
 r - a +4 short sword of holy wrath
 x - the +7 long sword "Demonslayer" (weapon) {holy, rC+}
   (You found it on level 4 of the Dungeon)

   It has been blessed by the Shining One to cause great damage to the undead
   and demons.
   It protects you from cold.
Missiles
 g - 16 sling bullets
 p - 11 poisoned needles
Jewellery
 f - a ring of protection from cold (on tentacle)
 k - a ring of magical power (left tentacle)
 l - a ring of protection from magic (right tentacle)
Wands
 b - a wand of flame (9/48)
 c - a wand of enslavement (14/24)
 d - a wand of random effects (13/48)
 j - a wand of heal wounds (6/9)
Scrolls
 e - a scroll of blinking {unknown}
 h - 5 scrolls of identify {unknown}
 i - 2 scrolls of recharging {unknown}
 n - a scroll of noise {unknown}
 v - a scroll of remove curse {unknown}
 w - a scroll of magic mapping {unknown}
 y - 2 scrolls of enchant armour {unknown}
Potions
 t - a potion of invisibility


   Skills:
 - Level 1.0(0.1) Fighting
 - Level 1.6(0.8) Short Blades
 + Level 0.2 Long Blades
 + Level 3.7(2.8) Dodging
 - Level 6.7(5.8) Stealth
 - Level 4.5(3.6) Evocations


You had 5 spell levels left.
You didn't know any spells.

Dungeon Overview and Level Annotations

Branches:
Dungeon (4/15)             Temple (1/1) D:4

Altars:
Cheibriados
Dithmenos
Okawaru
Pakellas
Xom
Yredelemnul
The Shining One
Lugonu


Innate Abilities, Weirdness & Mutations

You cannot wear most types of armour.
You are amphibious.
You can wear up to eight rings at the same time.
You can use your tentacles to constrict eight enemies at once.
Your skin changes colour to match your surroundings (Stealth).
Your rubbery body absorbs attacks (AC +1).
One of your tentacles bears a nasty spike.
Scrolls take you longer to read.
You are very clumsy. (Dex -4)
Your body often deteriorates upon taking damage.
You are frail (-10% HP).
You are somewhat resistant to further mutation.
Your natural rate of healing is unusually fast.
You are weak. (Str -2)


Message History

Zapping:
d - a wand of random effects (14/48)
Press: ? - help, Shift-Dir - straight line, f - gnoll
Aim: a gnoll, wielding a halberd The gnoll is blasted.
You blow up the gnoll!
This wand has 13 charges left.
The gnoll closely misses you.
You closely miss the rat. Your grab misses the rat.
Your tentacle spike misses the rat.
The rat misses you. The gnoll barely misses you.
You barely miss the rat. You grab the rat. You squeeze the rat.
You kill the rat!
The gnoll hits you from afar with a halberd!
The gnoll hits you with a halberd!
You hit the gnoll. Your grab misses the gnoll.
The gnoll is lightly wounded.
The gnoll closely misses you.
You slash the gnoll! You grab the gnoll.
The gnoll is severely wounded.
You constrict the gnoll. The gnoll hits you with a halberd!
You die...

###############....####.#
.........######....'....#
########......#...)######
.....# #......#....†....#
.....# #......##...####.#
.....# #......#########.#
.....# #......###.......#
.....###).....###g#######
....(').......>.@.#####
.....######..#.########
.....# ####..#.########
.....# #####.#.########
.....# #####.#.########
###### ###.....########
###.#...########
#.......########
#.......#


You could see a gnoll.

Vanquished Creatures
  An ogre (D:4)
  An orc priest (D:3)
  A giant frog skeleton (D:4)
  An orc wizard (D:3)
  2 worker ants (D:4)
  A hound skeleton (D:4)
  2 gnolls (D:2)
  5 adders
  2 worms (D:4)
  A dart slug (D:1)
  2 giant geckos
  2 orcs (D:3)
  9 bats
  7 giant cockroaches
  2 goblins
  4 hobgoblins
  8 jackals
  8 kobolds
  A ball python (D:1)
  2 giant newts (D:2)
  6 rats
68 creatures vanquished.

Vanquished Creatures (others)
  A jackal (D:2)
1 creature vanquished.

Grand Total: 69 creatures vanquished

Notes
Turn   | Place    | Note
--------------------------------------------------------------
     0 | D:1      | M4edhros the Octopode Artificer began the quest for the Orb.
     0 | D:1      | Reached XP level 1. HP: 13/13 MP: 3/3
    37 | D:1      | Reached skill level 2 in Stealth
   194 | D:1      | Reached XP level 2. HP: 18/18 MP: 4/4
   750 | D:1      | Reached skill level 3 in Stealth
   920 | D:2      | Reached XP level 3. HP: 17/23 MP: 5/5
   957 | D:2      | Reached skill level 4 in Stealth
  1433 | D:3      | Reached XP level 4. HP: 24/28 MP: 6/6
  1442 | D:3      | Reached skill level 5 in Stealth
  1804 | D:4      | Reached XP level 5. HP: 28/33 MP: 8/8
  1874 | D:4      | Noticed an ogre
  1879 | D:4      | Killed an ogre
  1879 | D:4      | Reached skill level 6 in Stealth
  1879 | D:4      | Reached XP level 6. HP: 28/38 MP: 9/9
  2112 | D:4      | Found a staircase to the Ecumenical Temple.
  2125 | D:4      | Got an ebony long sword
  2126 | D:4      | Identified the +7 long sword "Demonslayer" {holy, rC+} (You found it on level 4 of the Dungeon)
  2155 | Temple   | Entered the Ecumenical Temple
  2179 | Temple   | Became a worshipper of Xom of Chaos
  2618 | Temple   | XOM: silly message
  2803 | Temple   | XOM: divination: detect creatures
  3275 | Temple   | XOM: colour smoke trail
  3848 | Temple   | XOM: silly message
  4259 | Temple   | XOM is BORED!
  4259 | Temple   | XOM: mild Trmt miscast
  4376 | Temple   | XOM is BORED!
  4376 | Temple   | XOM: mild Conj miscast
  4919 | Temple   | XOM: silly message
  5027 | Temple   | XOM: give mutation
  5027 | Temple   | Gained mutation: You are clumsy. (Dex -2) [Xom's mischief]
  5172 | Temple   | XOM: give mutation
  5172 | Temple   | Gained mutation: Scrolls take you a little longer to read. [Xom's mischief]
  5206 | Temple   | XOM: harmless Chrm miscast
  5567 | Temple   | XOM: harmless Chrm miscast
  5664 | Temple   | XOM: mild Tloc miscast
  5665 | Temple   | Noticed a spatial vortex
  5704 | D:4      | XOM: summons 3 hostile demons
  5721 | D:4      | XOM: mild Hex miscast
  6089 | Temple   | XOM: harmless Necr miscast
  6750 | Temple   | XOM: colour smoke trail
  6759 | Temple   | XOM: harmless Ice miscast
  6828 | Temple   | XOM: harmless Tloc miscast
  7271 | Temple   | XOM is BORED!
  7271 | Temple   | XOM: give mutations
  7271 | Temple   | Gained mutation: Your body sometimes deteriorates upon taking damage. [Xom's mischief]
  7271 | Temple   | Lost mutation: Scrolls take you a little longer to read. [Xom's mischief]
  7271 | Temple   | Gained mutation: You are dopey. (Int -2) [Xom's mischief]
  7877 | Temple   | XOM: mild Pois miscast
  8024 | Temple   | XOM: mild Trmt miscast
  8429 | Temple   | XOM: harmless Air miscast
  8584 | Temple   | XOM: give mutation
  8584 | Temple   | Gained mutation: One of your tentacles bears a spike. [Xom's mischief]
  9083 | Temple   | XOM: harmless Erth miscast
  9241 | Temple   | XOM: harmless Hex miscast
  9559 | Temple   | XOM is BORED!
  9559 | Temple   | XOM: draining
  9642 | Temple   | XOM is BORED!
  9642 | Temple   | XOM: medium Pois miscast
  9769 | D:4      | XOM: stat loss: -1 Str (9/10)
  9812 | D:4      | XOM: give mutations
  9812 | D:4      | Gained mutation: You are very clumsy. (Dex -4) [Xom's mischief]
  9812 | D:4      | Lost mutation: You are very clumsy. (Dex -4) [Xom's mischief]
  9812 | D:4      | Gained mutation: You are very clumsy. (Dex -4) [Xom's mischief]
 10301 | Temple   | XOM is BORED!
 10301 | Temple   | XOM: give mutations
 10301 | Temple   | Gained mutation: Scrolls take you a little longer to read. [Xom's mischief]
 10301 | Temple   | Lost mutation: Scrolls take you a little longer to read. [Xom's mischief]
 10301 | Temple   | Gained mutation: You are frail (-10% HP). [Xom's mischief]
 10301 | Temple   | Gained mutation: You occasionally shout uncontrollably at your foes. [Xom's mischief]
 10877 | Temple   | XOM: harmless Necr miscast
 11016 | Temple   | XOM: mild Chrm miscast
 11033 | Temple   | XOM: scenery: create altars
 11276 | Temple   | XOM: 8-stop teleportation journey
 11305 | Temple   | XOM: mild Hex miscast
 12366 | Temple   | XOM: summons 3 hostile demons
 13109 | Temple   | XOM: mild Conj miscast
 13367 | Temple   | XOM: silly message
 13426 | Temple   | XOM: give mutations
 13426 | Temple   | Lost mutation: You occasionally shout uncontrollably at your foes. [Xom's mischief]
 13426 | Temple   | Gained mutation: One of your tentacles bears a nasty spike. [Xom's mischief]
 13426 | Temple   | Gained mutation: Scrolls take you a little longer to read. [Xom's mischief]
 13426 | Temple   | Gained mutation: Your body often deteriorates upon taking damage. [Xom's mischief]
 13653 | Temple   | XOM: medium Pois miscast
 13794 | Temple   | XOM: god gift: golden ring {god gift}
 14234 | D:4      | XOM: give mutation
 14234 | D:4      | Gained mutation: Your natural rate of healing is unusually fast. [Xom's grace]
 14316 | D:2      | Found a snail-covered altar of Cheibriados.
 14391 | D:2      | XOM: give mutation
 14391 | D:2      | Gained mutation: You are somewhat resistant to further mutation. [Xom's grace]
 14631 | D:2      | XOM: god gift: jewelled iron wand {god gift}
 14783 | D:2      | XOM: vitrification
 14868 | D:2      | XOM is BORED!
 14868 | D:2      | XOM: give mutations
 14868 | D:2      | Lost mutation: You are dopey. (Int -2) [Xom's mischief]
 14868 | D:2      | Gained mutation: You are weak. (Str -2) [Xom's mischief]
 14868 | D:2      | Gained mutation: Scrolls take you longer to read. [Xom's mischief]
 15305 | D:2      | XOM: vitrification
 15343 | D:2      | Slain by a gnoll

Vault maps used:
D:1:      mrwooster_arrival_arrow
D:2:      cheibriados_altar_1
D:3:      grunt_temple_overflow_lords_of_destruction, first_bread,
          minmay_ogre_servants
D:4:      minmay_temple_entry_purple_smoke
Temple:   corrupted_temple

Skill      XL: |  1  2  3  4  5 |
---------------+----------------+-----
Stealth        | 2 3 4 5 6 |  6.7
Evocations     | 4 |  4.5
Dodging        | 3 |  3.7
Fighting       | |  1.0
Short Blades   | |  1.6
Long Blades    | |  0.2

Action                   |  1- 3 |  4- 6 || total
-------------------------+-------+-------++-------
Melee: Short sword       |    58 |    39 ||    97
       Long sword        |       |    51 ||    51
Evoke: Wand              |     7 |     2 ||     9
  Use: Potion            |       |     8 ||     8
 Stab: Sleeping          |    10 |     9 ||    19
       Confused          |       |     2 ||     2
       Distracted        |       |     1 ||     1
  Eat: Chunk             |     1 |    10 ||    11
       Bread ration      |       |     6 ||     6
       Meat ration       |       |     1 ||     1
       Royal jelly       |       |     1 ||     1
